 Dungeon Crawl Stone Soup version 0.28-a0-474-g535839065c (webtiles) character file.

Game seed: 11520832471575258254

893 CraigForest the Gusty (level 8, -9/46 HPs)
             Began as a Tengu Air Elementalist on Sept 15, 2021.
             Was an Initiate of Ashenzari.
             Killed by divine providence
             ... invoked by an orc priest
              (13 damage)
             ... on level 5 of the Dungeon.
             The game lasted 00:40:43 (7086 turns).

CraigForest the Gusty (Tengu Air Elementalist)      Turns: 7086, Time: 00:40:43

Health: -9/46      AC:  4    Str:  8    XL:     8   Next: 6%
Magic:  15/15      EV: 15    Int: 19    God:    Ashenzari [......]
Gold:   229        SH:  0    Dex: 14    Spells: 5/15 levels left

rFire   . . .      SeeInvis +   j - +0 falchion (drain)
rCold   + . .      Faith    .   (no shield)
rNeg    . . .      Spirit   .   u - +1 leather armour {rC+}
rPois   .          Reflect  .   (helmet restricted)
rElec   .          Harm     .   (no cloak)
rCorr   .          Rampage  .   (no gloves)
Will    .....                   (boots unavailable)
Stlth   ++........              (no amulet)
HPRegen 0.15/turn               g - ring "Omniscient Mistrust" {SInv, Alch, Comp} (curse)
MPRegen 0.14/turn               (no ring)

@: flying quickly and evasively, studying Shields, quick
A: beak, talons 3, nimble flight
a: Renounce Religion, Shatter the Chains


You were on level 5 of the Dungeon.
You worshipped Ashenzari.
Ashenzari was noncommittal.
You visited 2 branches of the dungeon, and saw 6 of its levels.
You also visited: Sewer.

You collected 251 gold pieces.
You spent 22 gold pieces at shops.

Inventory:

Hand Weapons
 a - a +0 short sword
 j - a +0 falchion of draining (weapon)
 p - a +0 flail
 q - a +0 war axe
Missiles
 b - 8 boomerangs
 k - 2 silver javelins
Armour
 c - a +0 robe
 l - a +0 leather armour
 r - a +0 ring mail
 u - a +1 leather armour of cold resistance (worn)
Jewellery
 g - the cursed ring "Omniscient Mistrust" (left hand) {SInv, Alch, Comp}
   (You found it on level 1 of the Dungeon)

   [ring of see invisible]

   SInv:      It lets you see invisible.
   It has a curse which improves the following skills: Alchemy: Poison Magic and
   Transmutations.
   Companions: Summonings and Necromancy.
Wands
 s - a wand of charming (9)
Scrolls
 f - a scroll of torment
 i - 4 scrolls of teleportation
 m - a scroll of enchant weapon
 n - a scroll of summoning
Potions
 d - 2 potions of haste
 e - 2 potions of brilliance
 o - a potion of curing
 t - 2 potions of experience
 v - a potion of might
 w - a potion of lignification


   Skills:
 - Level 3.0 Fighting
 - Level 3.0 Long Blades
 + Level 3.9 Dodging
 - Level 2.0 Stealth
 - Level 4.0 Spellcasting
 - Level 5.0 Conjurations
 - Level 3.0(3.4) Necromancy
 - Level 2.0 Ice Magic
 - Level 5.0 Air Magic


You had 5 spell levels left.
You knew the following spells:

 Your Spells              Type           Power      Damage    Failure   Level
a - Shock                 Conj/Air       88%        1d8       2%          1
b - Static Discharge      Conj/Air       22%        N/A       3%          2
c - Ozocubu's Armour      Ice            11%        N/A       26%         3
d - Swiftness             Air            22%        N/A       8%          3
e - Pain                  Necr           64%        1d7       4%          1

Your spell library contained the following spells:

 Spells                   Type           Power      Damage    Failure   Level
 Airstrike                Air            11%        N/A       26%         4
 Agony                    Necr           16%        N/A       80%         5
 Excruciating Wounds      Necr           8%         N/A       80%         5
 Metabolic Englaciation   Hex/Ice        3%         N/A       98%         5
 Simulacrum               Ice/Necr       7%         N/A       100%        6


Dungeon Overview and Level Annotations

Branches:
Dungeon (5/15)             Temple (1/1) D:4           Sewer (visited)

Altars:
Ashenzari
Cheibriados
Dithmenos
Elyvilon
Fedhas
Gozag
Makhleb
Nemelex Xobeh
Okawaru
Ru
Sif Muna
Trog
Uskayaw
Vehumet
Wu Jian
Xom
Yredelemnul
Zin
The Shining One

Shops:
D:3 (?


Innate Abilities, Weirdness & Mutations

You have a beak for a mouth.
You have claws for feet.
Your magical nature lets you fly swiftly and evasively.


Message History

The orc priest invokes the aid of Beogh against you.
Pain shoots through your body!
The orc priest looks encouraged for a moment.
The orc priest mumbles some strange prayers to Beogh against you.
Beogh smites you!
* * * LOW HITPOINT WARNING * * *
There is an open door here.
You are too injured to fight recklessly!
Aiming: Shock (safe; 2% risk of failure)
Press: ? - help, Q - select action, (/) - cycle Shift-Dir - straight line, f/p - orc priest
Aim: an orc priest, wielding a +0 dagger (almost dead, 74% to hit)
The zap misses the orc priest.
The orc priest casts a cantrip, but nothing happens.
Aiming: Shock (safe; 2% risk of failure)
Press: ? - help, Q - select action, (/) - cycle Shift-Dir - straight line, f/p - orc priest
Aim: an orc priest, wielding a +0 dagger (almost dead, 74% to hit)
The zap misses the orc priest.
The zap hits the orc!
You kill the orc!
You hit the orc priest but do no damage.
You drain the orc priest.
You kill the orc priest!
An orc priest is nearby!
You are confused.
You feel invigorated.
You feel better.
You feel less invigorated.
The orc priest mumbles some strange prayers to Beogh against you.
Beogh smites you!
* * * LOW HITPOINT WARNING * * *
You hit the orc priest. You drain the orc priest.
The orc priest is moderately wounded.
The orc priest hits you with a +0 club.
* * * LOW HITPOINT WARNING * * *
You hit the orc priest.
You peck the orc priest, but do no damage.
The orc priest is heavily wounded.
The orc priest hits you with a +0 club.
* * * LOW HITPOINT WARNING * * *
The orc priest calls down the wrath of Beogh upon you.
Beogh smites you!
You die...

######'###### #.#
#.#### #.#
#....#####.######.
#>...'............
#....#####'######.
#....##.........#
#....##.........#
#.#####.........#
#.# #.@.......#
#.# #.........#
#'########o######
.....!###.#
......oo.)#
.......####
....§.§ =..§≈§≈
.≈§)≈.§


You could see an orc priest (drained).

Vanquished Creatures
  2 necrophages
  A sky beast (D:4)
  A phantom (D:4)
  A kobold brigand (D:4)
  A bullfrog (Sewer)
  A scorpion (D:4)
  3 orc priests
  An orc wizard (D:4)
  A statue (D:3)
  10 adders
  An adder zombie (D:4)
  5 worms
  9 orcs
  13 ball pythons
  6 endoplasms
  14 giant cockroaches
  6 goblins
  8 hobgoblins
  11 jackals
  5 quokkas
  8 bats
  7 frilled lizards
  8 kobolds
  4 rats
127 creatures vanquished.

Notes
Turn   | Place    | Note
-------+----------+-------------------------------------------
     0 | D:1      | CraigForest the Tengu Air Elementalist began the quest for
                  | the Orb.
     0 | D:1      | Reached XP level 1. HP: 10/10 MP: 4/4
   204 | D:1      | Reached XP level 2. HP: 15/15 MP: 1/6
   207 | D:1      | Learned a level 2 spell: Static Discharge
   963 | D:1      | Reached XP level 3. HP: 19/19 MP: 4/7
  1832 | D:2      | Reached XP level 4. HP: 16/24 MP: 0/9
  1938 | D:2      | Learned a level 3 spell: Ozocubu's Armour
  1942 | D:2      | Learned a level 3 spell: Swiftness
  2129 | D:2      | Reached skill level 1 in Ice Magic
  2232 | D:2      | Reached skill level 1 in Necromancy
  2599 | D:3      | Found a glowing drain.
  2700 | Sewer    | Entered a sewer
  2751 | Sewer    | Gained mutation: Your magical nature lets you fly swiftly
                  | and evasively. [Tengu growth]
  2751 | Sewer    | Reached XP level 5. HP: 28/28 MP: 5/10
  2817 | Sewer    | Reached skill level 1 in Fighting
  3034 | Sewer    | Reached skill level 5 in Air Magic
  3318 | Sewer    | Reached XP level 6. HP: 32/34 MP: 4/11
  3584 | D:3      | Found a shimmering blue altar of Sif Muna.
  3594 | D:3      | Reached skill level 5 in Conjurations
  3732 | D:3      | Found Kiwnirr's Magic Scroll Boutique.
  3735 | D:3      | Bought a scroll of identify for 22 gold pieces
  4092 | D:3      | Found Zothroit's Weapon Shop.
  4133 | D:3      | Found a radiant altar of Vehumet.
  5133 | D:4      | Noticed a necrophage
  5139 | D:4      | Killed a necrophage
  5310 | D:4      | Found a staircase to the Ecumenical Temple.
  5319 | Temple   | Entered the Ecumenical Temple
  5406 | Temple   | Became a worshipper of Ashenzari the Shackled
  5466 | D:4      | Reached XP level 7. HP: 40/40 MP: 11/13
  5844 | Temple   | Learned a level 1 spell: Pain
  6096 | D:4      | Reached skill level 1 in Long Blades
  6842 | D:5      | Entered Level 5 of the Dungeon
  6941 | D:5      | Reached XP level 8. HP: 27/46 MP: 13/15
  7072 | D:5      | Found a sacrificial altar of Ru.
  7086 | D:5      | Killed from afar by an orc priest

Illustrated notes

Levels and vault maps discovered:
D:1:      matt_arrival_spirals, layout_loops_cross
D:2:      layout_loops_corners
D:3:      layout_loops_cross, lemuel_doored_altar, vehumet_statue, serial_shops,
          nicolae_shop_behind_doors, shop, gup_sewer_entry_glass,
          eino_tiny_chamber, minmay_close_crescents
D:4:      layout_cave_pods, minmay_temple_entry_stoned_glass,
          minmay_manual_mullet
D:5:      layout_basic, mainiacjoe_overflow_small_starburst,
          nicolae_kikubaaqudgha_miasma_corner, grunt_ministairs_8,
          kennysheep_generic_room_14
Temple:   lightli_temple_of_artemis

Skill      XL: |  1  2  3  4  5  6  7 |
---------------+----------------------+-----
Conjurations   | 2 3 4 5 |  5.0
Spellcasting   | 3 4 |  4.0
Ice Magic      | 1 2 |  2.0
Necromancy     | 2 3 |  3.0
Fighting       | 1 2 3 |  3.0
Air Magic      | 5 |  5.0
Dodging        | 3 |  3.9
Long Blades    | 3 |  3.0
Stealth        | |  2.0

Action                   |  1- 3 |  4- 6 |  7- 9 || total
-------------------------+-------+-------+-------++-------
Melee: Short sword       |     8 |     3 |       ||    11
       Kick              |       |    12 |     6 ||    18
       Falchion          |       |    14 |    43 ||    57
       Peck              |       |     2 |     5 ||     7
Throw: Boomerang         |       |       |     3 ||     3
 Cast: Shock             |    63 |   141 |    41 ||   245
       Static Discharge  |     5 |    11 |     2 ||    18
       Swiftness         |       |     1 |     1 ||     2
Invok: Curse Item        |       |       |     1 ||     1
  Use: Scroll            |       |     1 |       ||     1
       Potion            |       |       |     2 ||     2
 Stab: Sleeping          |     4 |     1 |       ||     5
Armor: Robe              |     3 |       |       ||     3
       Leather armour    |       |     1 |    15 ||    16
Dodge: Dodged            |    24 |    15 |    37 ||    76

Table legend: (Time is in decaauts)
 A = Elapsed time spent in this place.
 B = Non-inter-level travel time spent in this place.
 C = Inter-level travel time spent in this place.
 D = Time resting spent in this place.
 E = Time spent auto-exploring this place.
 F = Levels seen in this place.
 G = Mean time per level.
                   A        B        C        D        E       F      G
               +--------+--------+--------+--------+--------+-----+--------+
         Total |   6903 |   6818 |     85 |    971 |   4807 |   7 |  986.1 |
       Dungeon |   5842 |   5774 |     68 |    626 |   4254 |   5 | 1168.4 |
        Temple |    350 |    334 |     16 |    244 |     72 |   1 |  350.0 |
         Sewer |    710 |    710 |      0 |    101 |    481 |   1 |  710.0 |
               +--------+--------+--------+--------+--------+-----+--------+

Top non-repeatable levels by time:
     D:4: 1749 daAuts
     D:2: 1312 daAuts
     D:1: 1286 daAuts
     D:3: 1254 daAuts
   Sewer: 710 daAuts
  Temple: 350 daAuts
     D:5: 240 daAuts
